 Dungeon Crawl Stone Soup version 0.28-a0-691-gad6df49e81 (webtiles) character file.

Game seed: 12451498024680333272

87 ragingrage the Insei (level 4, -2/35 HPs)
             Began as a Demonspawn Chaos Knight on Oct 21, 2021.
             Was a Plaything of Xom.
             Killed from afar by Ijyb (8 damage)
             ... with an iceblast
             ... on level 3 of the Dungeon.
             The game lasted 00:02:24 (2201 turns).

ragingrage the Insei (Demonspawn Chaos Knight)      Turns: 2201, Time: 00:02:24

Health: -2/35      AC: 10    Str: 13    XL:     4   Next: 28%
Magic:  4/4        EV:  6    Int: 13    God:    Xom [..*...]
Gold:   71         SH:  0    Dex: 13    Spells: 3/3 levels left

rFire   . . .      SeeInvis .   f - +3 whip
rCold   + . .      Faith    .   (no shield)
rNeg    . . .      Spirit   .   d - +2 chain mail {rC+}
rPois   .          Reflect  .   (no helmet)
rElec   .          Harm     .   (no cloak)
rCorr   .          Rampage  .   (no gloves)
Will    .....                   (no boots)
Stlth   ..........              (no amulet)
HPRegen 0.11/turn               (no ring)
MPRegen 0.18/turn               (no ring)

@: no status effects
A: foul stench 1, magic regeneration
a: Renounce Religion


You were on level 3 of the Dungeon.
You worshipped Xom.
You were a toy of Xom.
You visited 1 branch of the dungeon, and saw 3 of its levels.

You collected 71 gold pieces.

Inventory:

Hand Weapons
 f - a +3 whip (weapon)
Missiles
 a - 25 poisoned darts (quivered)
Armour
 d - a +2 chain mail of cold resistance (worn)
Scrolls
 b - a scroll of identify {unknown}
 g - 2 scrolls of enchant armour {unknown}
 h - a scroll of vulnerability {unknown}
Potions
 c - a potion of degeneration {unknown}
 e - a potion of curing {unknown}


   Skills:
 - Level 3.0 Fighting
 - Level 1.7 Armour
 - Level 0.8 Dodging
 * Level 4.7 Unarmed Combat


You had 3 spell levels left.
You didn't know any spells.
Your spell library contained the following spells:

 Spells                   Type           Power      Damage    Failure   Level
 Conjure Flame            Conj/Fire      0%         6-21      100%        3
 Ignite Poison            Fire/Tmut/Pois 0%         N/A       100%        3
 Sticky Flame             Conj/Fire      0%         2d3       100%        4
 Blade Hands              Tmut           0%         N/A       100%        5
 Irradiate                Conj/Tmut      0%         3d13      100%        5
 Dragon Form              Tmut           0%         N/A       100%        7


Dungeon Overview and Level Annotations

Branches:
Dungeon (3/15)

Altars:

Annotations:
D:3 Ijyb


Innate Abilities, Weirdness & Mutations

You may rarely emit foul miasma when damaged in melee.
You regenerate magic rapidly.


Message History

Ijyb is heavily wounded.
Ijyb barely misses you.
You closely miss Ijyb.
Ijyb is heavily wounded.
Ijyb barely misses you.
You miss Ijyb.
Ijyb is heavily wounded.
Ijyb completely misses you.
You completely miss Ijyb. Your punch misses Ijyb.
Ijyb is heavily wounded.
Ijyb hits you with a +0 club.
You closely miss Ijyb.
Ijyb is heavily wounded.
Ijyb hits you with a +0 club.
You hit Ijyb.
Ijyb is severely wounded.
Ijyb hits you but does no damage.
You closely miss Ijyb.
Ijyb is severely wounded.
Ijyb hits you but does no damage.
You hit Ijyb but do no damage.
Ijyb is severely wounded.
Ijyb hits you with a +0 club!
You are too injured to fight recklessly!
You closely miss Ijyb.
Ijyb is severely wounded.
Ijyb barely misses you. Ijyb hits you with a +0 club.
You are too injured to fight recklessly!
Your chain mail prevents you from hitting Ijyb.
Ijyb is severely wounded.
Ijyb hits you with a +0 club.
* * * LOW HITPOINT WARNING * * *
Your chain mail prevents you from hitting Ijyb.
Ijyb is severely wounded.
Ijyb hits you with a +0 club.
* * * LOW HITPOINT WARNING * * *
Ijyb zaps a wand.
The mass of ice explodes!
The iceblast engulfs you! You partially resist.
You die...
Xom guffaws!

#######
###.....#
#...###.###
#.#..#....#
#.##.#.##.#
#.##.#.##@##
#..#.#.#...#
##.#.#.#.#g#
#.#.#.#.#S#
#.#.#.#.#.#
#.#.#.#.#.#
#.#.#.#.#..
#.#.#.#.#.#
#.#.#.#.#.#


You could see Ijyb (strong) and an adder.

Vanquished Creatures
  4 adders
  A dart slug (D:1)
  An orc (D:3)
  4 endoplasms
  2 giant cockroaches
  9 goblins
  6 hobgoblins
  5 quokkas
  4 ball pythons
  2 bats
  3 frilled lizards
  5 rats
46 creatures vanquished.

Notes
Turn   | Place    | Note
-------+----------+-------------------------------------------
     0 | D:1      | ragingrage the Demonspawn Chaos Knight began the quest for
                  | the Orb.
     0 | D:1      | Reached XP level 1. HP: 18/18 MP: 1/1
   223 | D:1      | Reached skill level 3 in Unarmed Combat
   404 | D:1      | Gained mutation: You may rarely emit foul miasma when
                  | damaged in melee. [demonic ancestry]
   404 | D:1      | Reached XP level 2. HP: 24/24 MP: 2/2
   820 | D:2      | Gained mutation: You regenerate magic rapidly. [demonic
                  | ancestry]
   820 | D:2      | Reached XP level 3. HP: 20/29 MP: 3/3
   949 | D:2      | Reached skill level 4 in Unarmed Combat
  1152 | D:2      | XOM: cast spell 'Summon Ice Beast'
  1509 | D:2      | Found a faded altar of an unknown god.
  1661 | D:3      | Reached XP level 4. HP: 35/35 MP: 4/4
  1730 | D:3      | XOM: cloud trail
  1870 | D:3      | XOM: 3-stop teleportation journey
  2001 | D:3      | XOM: 2-stop teleportation journey
  2070 | D:3      | XOM: god gift: 12 sling bullets
  2181 | D:3      | Noticed Ijyb
  2201 | D:3      | Killed from afar by Ijyb

Illustrated notes

Levels and vault maps discovered:
D:1:      dpeg_arrival_refuge, layout_rooms
D:2:      layout_rooms, shapermc_ecumenical_altar_mp_highgroup
D:3:      minmay_chambers_of_threes, layout_rooms, nicolae_wu_jian_wuxing_cycle,
          jmf_multi_god_temple, serial_co_window_serial, co_window_paths_a,
          co_window_paths_b, co_window_of_opportunity_a, co_window_paths_a,
          co_window_corner_a, co_window_corner_b, co_window_unsneaky_path_d,
          co_window_2corner, co_window_paths_d, glass_columns_a,
          glass_columns_b, glass_columns_b, glass_columns_b, glass_columns_b,
          st_stairs_10, uniq_natasha, uniq_ijyb

Skill      XL: |  1  2  3 |
---------------+----------+-----
Unarmed Combat | 3 4 |  4.7
Fighting       | |  3.0
Armour         | |  1.7
Dodging        | |  0.8

Action                   |  1- 3 |  4- 6 || total
-------------------------+-------+-------++-------
Melee: Unarmed           |    69 |       ||    69
       Punch             |     1 |       ||     1
       Whip              |    77 |    51 ||   128
  Use: Scroll            |     2 |       ||     2
Armor: Chain mail        |    85 |    24 ||   109
       Leather armour    |     4 |       ||     4
Dodge: Dodged            |    50 |    12 ||    62

Table legend: (Time is in decaauts)
 A = Elapsed time spent in this place.
 B = Non-inter-level travel time spent in this place.
 C = Inter-level travel time spent in this place.
 D = Time resting spent in this place.
 E = Time spent auto-exploring this place.
 F = Levels seen in this place.
 G = Mean time per level.
                   A        B        C        D        E       F      G
               +--------+--------+--------+--------+--------+-----+--------+
         Total |   2209 |   2161 |     48 |    320 |   1431 |   3 |  736.3 |
       Dungeon |   2209 |   2161 |     48 |    320 |   1431 |   3 |  736.3 |
               +--------+--------+--------+--------+--------+-----+--------+

Top non-repeatable levels by time:
     D:2: 828 daAuts
     D:1: 758 daAuts
     D:3: 622 daAuts
